AoeStats
← 化劲省二

MegaRandom

506715166Analyzed
1v1 RM · 18d ago on Sep 14, 2026· 31m 17s· 2 players
Game mode
Random Map
Map size
Tiny (2 player)
Population
200
Speed
Normal
Resources
Standard
Victory
Conquest
Starting age
Dark Age
Ending age
Imperial Age
RankedLock teamsTeams togetherTeam positionsShared explorationLock speedFull tech treeHidden civsTurbo modeCheats
Victory
Defeat
🇨🇳 Khitans · China
1175
+14
🇩🇪 Aztecs · Germany
1131
-14
化劲省二
8:43 Loom
11:21 Feudal Age
11:57 Double-Bit Axe
14:00 Forging
14:03 Man-at-Arms
16:19 Domestication
21:11 Wheelbarrow
21:05 Scale Barding Armor
24:25 Castle Age
22:41 Stone Mining
24:03 Gold Mining
25:52 Iron Casting
26:24 Stone Shaft Mining
26:08 Bow Saw
26:00 Pastoralism
25:24 Light Cavalry
26:10 Scale Mail Armor
26:58 Husbandry
28:28 Town Watch
29:27 Chain Barding Armor
Eugene
0:30 Loom
10:23 Feudal Age
17:30 Double-Bit Axe
19:20 Forging
23:26 Castle Age
22:34 Stone Mining
24:47 Wheelbarrow
29:03 Bow Saw
29:24 Squires
29:32 Pikeman
Connection lost

Rejoining the realm…

Still unreachable

The connection could not be restored.

Session expired

The server has moved on; the page needs a fresh start.